 BcadrenCrawl: Boulder Brew version 0.05.4-52-gbd2e00ed8b (webtiles) character file.

Game seed: 11045504695515819562, levelgen mode: deterministic

11 namelastname112 the Dualist (level 2, -1/22 HPs) Immature Draconian Priest. Began on Apr 19, 2022. Was a Believer of Bahamut & Tiamat. Shot with a sling bullet by a goblin (14 damage) ... on level 1 of the Dungeon. The game lasted 00:01:00 (317 turns).

namelastname112 the Dualist (DrPr)                   Turns: 317, Time: 00:01:01

Health: -1/22      AC:  5    Str: 12    XL:     2 ^: 24
Magic:  5/5        EV: 12    Int: 10    God:    Bahamut & Tiamat [2* [59]]
Gold:   5          SH:  0    Dex: 14    Spells: 1/1 levels left

rFire    . . .     Vision   .     - Unarmed
rCold    . . .     Gourm    .     - Unarmed
rNeg     . . .     Faith    .   (armour unavailable)
rCorr    . . .     Spirit   .   (helmet restricted)
rPois    .         Reflect  .   (no cloak)
rElec    .         Harm     .   (no gloves)
MR       .....                  (no boots)
Stlth    ++........             (no amulet)
HPRegen  0.17/turn              (no ring)
MPRegen  0.15/turn              (no ring)

@: no status effects
A: deformed body 2, cold-blooded, AC +5
a: Breathe Dart, Enhanced Breath, Renounce Religion


You were on level 1 of the Dungeon.
You worshipped Bahamut & Tiamat.
Bahamut & Tiamat was pleased with you.
You were not hungry.

You visited 1 branch of the dungeon, and saw 1 of its levels.
You also visited: Temple.

You collected 5 gold pieces.

Inventory:

Jewellery
 c - a cursed ring of magical power {(Curse: Slay-5)}
Scrolls
 b - a scroll of bless item
Comestibles
 a - a ration


   Skills:
 + Level 0.8 Fighting
 + Level 1.7 Dodging
 - Level 1.4 Stealth
 * Level 3.0 Unarmed Combat
 + Level 4.1 Invocations


You had one spell level left.
You didn't know any spells.
Your spell library was empty.

Dungeon Overview and Level Annotations

Branches:
Dungeon (1/8)

Altars:


Innate Abilities, Weirdness & Mutations

Your plain brown scales are resilient. (AC +5)
You can breathe rudimentary magical darts.
You cannot wear any armour on your peculiar form.
You are cold-blooded and are slowed more easily by cold attacks.


Message History

You see here a rat corpse!
You have got your breath back!
You see here a +0 leather armour!
b - a scroll of bless item
c - a cursed ring of magical power {(Curse: Slay-5)} You see here a goblin corpse!
Things that are here:
a +0 club; a hobgoblin corpse The goblin shouts!!!
You hear a shout!!!
The goblin wields a +0 hunting sling!
The goblin shoots a sling bullet!
The sling bullet pokes you (2)!
Breath at?
Press: ? - help, Shift-Dir - straight line, f - you That would be overly suicidal!
Okay, then!
A bat comes into view!
The goblin shoots a sling bullet!
The sling bullet punctures you (7)!!!
The goblin shoots a sling bullet!
The sling bullet punctures you (14)!!!
DANG rip

#......# #.##...
......## #.#...# ##
.[....# .....# . ......#
##....# .### ....†.#
#...... ..g .....##
#.....# ..#
#...#######.##..##..#..#
.....)......# #.#.....#
##..###....)###.@#.#
...## #.........)..#
...# #......###.### .#.#
#.....## #.# ##.##
####### ... #...### ....
..#...#### ....
#####....### #....b #
####...##


You could see a goblin.

Vanquished Creatures
  A bat (D:1)
  2 goblins (D:1)
  3 hobgoblins (D:1)
  A kobold (D:1)
  3 rats (D:1)
10 creatures vanquished.

Notes
Turn   | Place    | Note
-------+----------+-------------------------------------------
     0 | Start Te | namelastname112 the Immature Draconian Priest began the
                  | quest for the Orb.
     0 | Start Te | Reached XP level 1. HP: 14/14 MP: 3/3
     0 | Start Te | Found a sparkling altar of Nemelex Xobeh.
     1 | Start Te | Found a basalt altar of Yredelemnul.
     1 | Start Te | Found a white marble altar of Elyvilon.
     2 | Start Te | Found an iron altar of Okawaru.
     3 | Start Te | Found a glowing silver altar of Zin.
     3 | Start Te | Found a blossoming altar of Fedhas.
     4 | Start Te | Found a stormy altar of Qazlal.
     5 | Start Te | Found a glowing golden altar of the Shining One.
     5 | Start Te | Found an opulent altar of Gozag.
     6 | Start Te | Found a sacrificial altar of Ru.
     7 | Start Te | Found an ornate altar of Bahamut and Tiamat.
     7 | Start Te | Found a hazy altar of Hepliaklqana.
    15 | Start Te | Became a worshipper of Bahamut & Tiamat
    15 | Start Te | Reached * piety under Bahamut & Tiamat
    15 | Start Te | Reached ** piety under Bahamut & Tiamat
   147 | D:1      | Reached XP level 2. HP: 4/22 MP: 5/5
   317 | D:1      | Shot with a sling bullet by a goblin

Levels and vault maps discovered:
D:1:      minmay_arrival_split_and_join, layout_rooms, st_stairs_11

Skill      XL: |  1  2 |
---------------+-------+-----
Unarmed Combat | 3 |  3.0
Fighting       | |  0.8
Dodging        | |  1.7
Stealth        | |  1.4
Invocations    | |  4.1

Action                   || total
-------------------------++-------
Melee: Unarmed           ||    34
       Peck              ||     4
Invok: Choose Bahamut's  ||     1
       Choose Bahamut's  ||     1
 Abil: Breathe Dart      ||     1
 Stab: Sleeping          ||     1
Armor: Skin              ||     4
Dodge: Dodged            ||     2
